AoeStats
← 雕龙

Scandinavia

510560699Analyzed
1v1 RM · 15h ago on Oct 1, 2026· 41m 0s· 2 players
Game mode
Random Map
Map size
Tiny (2 player)
Population
200
Speed
Normal
Resources
Standard
Victory
Conquest
Starting age
Dark Age
Ending age
Imperial Age
RankedLock teamsTeams togetherTeam positionsShared explorationLock speedFull tech treeHidden civsTurbo modeCheats
Victory
Defeat
🇩🇪 Varangians · Germany
879
+17
🇨🇳 Franks · China
905
-17
bgogs
10:52 Feudal Age
9:10 Loom
11:26 Double-Bit Axe
12:41 Wheelbarrow
17:18 Castle Age
15:26 Scale Barding Armor
15:34 Forging
17:13 Bloodlines
18:23 Fishing Lines
19:02 Husbandry
21:09 Gold Mining
21:57 Bow Saw
22:03 Gillnets
22:13 Horse Collar
24:34 Vendel Legacy
26:28 Chain Barding Armor
27:56 Iron Casting
29:33 Stone Mining
36:00 Imperial Age
33:17 Town Watch
37:18 Plate Barding Armor
36:49 Cavalier
39:02 Blast Furnace
39:33 Squires
39:18 Arson
40:34 Guilds
41:18 Heavy Plow
雕龙
11:50 Feudal Age
14:05 Double-Bit Axe
18:43 Castle Age
19:55 Scale Barding Armor
21:16 Wheelbarrow
24:49 Hand Cart
25:03 Loom
27:41 Gold Mining
28:57 Pikeman
30:50 Scale Mail Armor
33:29 Chain Mail Armor
34:00 Chain Barding Armor
34:12 Squires
35:09 Forging
37:49 Imperial Age
37:53 Halberdier
38:36 Cavalier
Connection lost

Rejoining the realm…

Still unreachable

The connection could not be restored.

Session expired

The server has moved on; the page needs a fresh start.